 Dungeon Crawl Stone Soup version 0.28.0-53-g5a82cb258f (webtiles) character file.

Game seed: 15860605462541791065

1512 Eitelfritz the Slasher (level 8, -3/61 HPs)
             Began as a Demonspawn Gladiator on Aug 20, 2022.
             Slain by a hornet (10 damage)
             ... on level 8 of the Dungeon.
             The game lasted 00:12:22 (6099 turns).

Eitelfritz the Slasher (Demonspawn Gladiator)       Turns: 6099, Time: 00:12:23

Health: -3/61      AC: 12    Str: 16    XL:     8   Next: 53%
Magic:  8/8        EV: 13    Int:  9    God:
Gold:   175        SH:  0    Dex: 16    Spells: 7/7 levels left

rFire   . . .      SeeInvis .   a - +3 great sword (freeze)
rCold   . . .      Faith    .   (shield currently unavailable)
rNeg    . . .      Spirit   .   g - +0 scale mail
rPois   .          Reflect  .   v - +0 helmet
rElec   .          Harm     .   f - +0 cloak
rCorr   .          Rampage  .   y - +0 pair of gloves
Will    .....                   t - +1 pair of boots
Stlth   ..........              (no amulet)
HPRegen 0.20/turn               (no ring)
MPRegen 0.11/turn               (no ring)

@: lethally poisoned (-3 -> -8), slowed, very slow
A: repulsion field 1, powered by pain 1, demonic touch 2
a: no special abilities


You were on level 8 of the Dungeon.
You visited 1 branch of the dungeon, and saw 6 of its levels.

You collected 175 gold pieces.

Inventory:

Hand Weapons
 a - a +3 great sword of freezing (weapon)
 b - a +0 hand crossbow
 c - a +2 falchion of flaming
 r - a +0 long sword
Missiles
 d - 3 throwing nets (quivered)
 k - 39 bolts
 l - 10 poisoned darts
Armour
 f - a +0 cloak (worn)
 g - a +0 scale mail (worn)
 t - a +1 pair of boots (worn)
 v - a +0 helmet (worn)
 y - a +0 pair of gloves (worn)
Jewellery
 q - a ring of protection from cold
Wands
 x - a wand of flame (23)
Scrolls
 h - a scroll of vulnerability
 o - 3 scrolls of blinking
 w - a scroll of teleportation {unknown}
Potions
 e - a potion of resistance {unknown}
 i - a potion of mutation {unknown}
 j - 3 potions of brilliance
 m - 2 potions of degeneration {unknown}
 n - 4 potions of curing {unknown}
 p - 2 potions of attraction {unknown}
 s - a potion of lignification {unknown}
 u - a potion of cancellation {unknown}


   Skills:
 + Level 4.7 Fighting
 + Level 6.3 Long Blades
 + Level 4.1 Crossbows
 + Level 1.9 Throwing
 + Level 4.1 Armour
 + Level 3.7 Dodging
 + Level 0.7 Stealth


You had 7 spell levels left.
You didn't know any spells.
Your spell library contained the following spells:

 Spells                   Type           Power      Damage    Failure   Level
 Alistair's Intoxication  Tmut/Pois      0%         N/A       100%        5
 Borgnjor's Vile Clutch   Necr/Erth      0%         N/A       100%        5
 Fireball                 Conj/Fire      0%         3d3       100%        5
 Iskenderun's Battlesphe  Conj           0%         2d6       100%        5
 Conjure Ball Lightning   Conj/Air       0%         3x3d6     100%        6
 Eringya's Noxious Bog    Tmut/Pois      0%         N/A       100%        6
 Orb of Destruction       Conj           0%         9d5       100%        7


Dungeon Overview and Level Annotations

Branches:
Dungeon (5/15)             Temple (0/1) D:5

Altars:
Gozag


Innate Abilities, Weirdness & Mutations

You are surrounded by a mild repulsion field. (EV +2)
You sometimes gain a little power by taking damage.
Your touch may inflict irresistible damage on your foes.


Message History

You feel yourself speed up. The hornet closely misses you.
The hornet stings you!
You feel yourself slow down.
The hornet stings you but does no damage.
You barely miss the hornet.
You feel yourself speed up. The hornet misses you.
The hornet stings you but does no damage.
The hornet barely misses you.
The hornet stings you but does no damage.
You hit the hornet but do no damage. The hornet stings you.
You are poisoned.
You suddenly lose the ability to move!
You feel very sick. The hornet stings you.
You are more poisoned.
You feel yourself slow down. The hornet stings you.
You shrug off the repeated paralysis!
You can move again.
You closely miss the hornet.
You hear the slow hiss of a distant avalanche of sand.
You feel yourself speed up.
You feel extremely sick.
The hornet stings you but does no damage.
The hornet barely misses you.
The hornet stings you but does no damage.
Unknown command.
You slash the hornet! You freeze the hornet!
The hornet is severely wounded.
You feel very sick. The hornet stings you.
* * * LOW HITPOINT WARNING * * *
You feel yourself slow down. The hornet barely misses you.
Unknown command.
You closely miss the hornet.
The hornet is severely wounded.
* * * LOW HITPOINT WARNING * * *
You feel very sick. The hornet completely misses you. The hornet stings you!
You die...

###......
#:.......
#........ #......#
##....###.
#.........
#.###...## #y# .#
################@#
.....)...........#
.#################
.....# .###.### .#
#...# ## ###.#
#.##.# #....#


You could see a hornet.

Vanquished Creatures
  The ghost of thfrgi the Slasher, an amateur DsGl of Uskayaw (D:4)
  A necrophage (D:4)
  2 black bears (D:5)
  2 water moccasin zombies (D:5)
  5 wights (D:5)
  A bullfrog zombie (D:4)
  2 centaur zombies (D:5)
  A hound (D:4)
  4 jellies
  Crazy Yiuf (D:2)
  2 bullfrog skeletons (D:5)
  2 gnoll shamans (D:4)
  Jessica (D:3)
  An iguana (D:5)
  3 orc wizards (D:4)
  3 howler monkey zombies (D:4)
  9 gnolls (D:4)
  8 adders
  An ufetubus (D:4)
  2 dart slugs
  8 orcs
  4 ball pythons
  10 endoplasms
  2 giant cockroaches (D:1)
  11 goblins
  4 hobgoblins
  6 jackals
  3 kobolds
  2 quokkas (D:1)
  3 bats
  3 frilled lizards (D:1)
  8 rats
116 creatures vanquished.

Notes
Turn   | Place    | Note
-------+----------+-------------------------------------------
     0 | D:1      | Eitelfritz the Demonspawn Gladiator began the quest for the
                  | Orb.
     0 | D:1      | Reached XP level 1. HP: 16/16 MP: 1/1
    65 | D:1      | Found a faded altar of an unknown god.
    85 | D:1      | Gained mutation: You sometimes gain a little power by
                  | taking damage. [demonic ancestry]
    85 | D:1      | Reached XP level 2. HP: 19/22 MP: 2/2
    87 | D:1      | Reached skill level 3 in Long Blades
   907 | D:1      | Reached XP level 3. HP: 22/27 MP: 3/3
  1670 | D:2      | Found an opulent altar of Gozag.
  1832 | D:2      | Reached XP level 4. HP: 28/33 MP: 4/4
  2262 | D:2      | Found a runed translucent door.
  2263 | D:2      | Noticed Crazy Yiuf
  2915 | D:3      | Noticed Jessica
  2916 | D:3      | Killed Jessica
  2917 | D:3      | Reached skill level 4 in Long Blades
  2917 | D:3      | Reached skill level 1 in Armour
  3194 | D:2      | Killed Crazy Yiuf
  3195 | D:2      | Gained mutation: Your touch may inflict minor irresistible
                  | damage on your foes. [demonic ancestry]
  3195 | D:2      | Reached XP level 5. HP: 15/39 MP: 5/5
  3457 | D:4      | Noticed a necrophage
  3706 | D:4      | Gained mutation: Your touch may inflict irresistible damage
                  | on your foes. [demonic ancestry]
  3706 | D:4      | Reached XP level 6. HP: 35/47 MP: 6/6
  3832 | D:4      | Reached skill level 1 in Crossbows
  4048 | D:4      | Found a runed translucent gate.
  4048 | D:4      | Found a runed translucent gate.
  4049 | D:4      | Found a runed translucent gate.
  4051 | D:4      | Noticed thfrgi's ghost (amateur DsGl)
  4090 | D:4      | Reached skill level 5 in Long Blades
  4090 | D:4      | Gained mutation: You are surrounded by a mild repulsion
                  | field. (EV +2) [demonic ancestry]
  4090 | D:4      | Reached XP level 7. HP: 25/52 MP: 7/7
  4673 | D:4      | Identified the +1 ring mail of Kaimp {Int+6}
  4889 | D:4      | Killed thfrgi's ghost
  4953 | D:5      | Entered Level 5 of the Dungeon
  5051 | D:5      | Reached XP level 8. HP: 33/60 MP: 8/8
  5291 | D:5      | Reached skill level 6 in Long Blades
  5322 | D:5      | Found a staircase to the Ecumenical Temple.
  5360 | D:5      | HP: 2/59 [wight/+3 great sword of freezing (2)]
  6053 | D:5      | You fall into a shaft and drop 3 floors!
  6086 | D:8      | Noticed a hornet
  6095 | D:8      | Paralysed by a hornet for 2 turns
  6099 | D:8      | Slain by a hornet

Illustrated notes

Levels and vault maps discovered:
D:1:      dpeg_arrival_arbitrary_c, layout_loops_ring,
          chequers_ecumenical_altar_simple, nicolae_figureground_pulse
D:2:      layout_loops_corners, basic_altar, minmay_misc_feat_diagonals,
          minmay_tall_x, uniq_crazy_yiuf_cottage
D:3:      layout_basic, uniq_jessica
D:4:      layout_basic, gammafunk_ghost_necromancy, minmay_misc_feat_nine_boxes,
          saegor_snake_ambush
D:5:      layout_rooms, minmay_temple_entry_stoned_glass,
          minmay_increasing_density
D:8:      layout_basic, enter_ossuary_5

Skill      XL: |  1  2  3  4  5  6  7  8 |
---------------+-------------------------+-----
Long Blades    | 3 4 5 6 |  6.3
Dodging        | 3 |  3.7
Armour         | 1 2 3 4 |  4.1
Fighting       | 3 4 |  4.7
Crossbows      | 1 3 4 |  4.1
Throwing       | |  1.9
Stealth        | |  0.7

Action                   |  1- 3 |  4- 6 |  7- 9 || total
-------------------------+-------+-------+-------++-------
Melee: Long sword        |   112 |    14 |       ||   126
       Punch             |     1 |     1 |     1 ||     3
       Falchion          |       |    96 |    90 ||   186
       Touch             |       |     9 |    19 ||    28
       Great sword       |       |       |    29 ||    29
 Fire: Hand crossbow     |       |    22 |    53 ||    75
  Use: Scroll            |       |     8 |     1 ||     9
 Stab: Sleeping          |     1 |       |       ||     1
Armor: Leather armour    |    27 |       |       ||    27
       Ring mail         |    13 |    26 |       ||    39
       Scale mail        |       |    27 |    56 ||    83
Dodge: Dodged            |    80 |    60 |   115 ||   255
